 Seeded DCSS version 0.28.0-45-g0d030f2227 (webtiles) character file.

Game seed: 9376642942419055868 (custom seed)

279 thiscave3701365 the Chopper (level 6, 0/84 HPs)
             Began as a Hill Orc Berserker on Apr 13, 2022.
             Was a Believer of Trog.
             Slain by a killer bee (5 damage)
             ... on level 4 of the Dungeon.
             The game lasted 00:03:28 (3901 turns).

thiscave3701365 the Chopper (Hill Orc Berserker)    Turns: 3901, Time: 00:03:29

Health: 0/84       AC: 14    Str: 28    XL:     6   Next: 26%
Magic:  15/15      EV:  8    Int:  7    God:    Trog [**....]
Gold:   172        SH:  0    Dex: 10    Spells: 5/5 levels left

rFire   . . .      SeeInvis .   g - +3 hand axe
rCold   . . .      Faith    .   (no shield)
rNeg    . . .      Spirit   .   n - +0 plate armour
rPois   .          Reflect  .   m - +0 helmet
rElec   .          Harm     .   f - +0 cloak
rCorr   .          Rampage  .   (no gloves)
Will    .....                   e - +0 pair of boots
Stlth   ..........              (no amulet)
HPRegen 0.24/turn               l - +6 ring of strength
MPRegen 0.14/turn               a - ring of magical power

@: berserking, lethally poisoned (0 -> -34), very quick
A: no striking features
a: Renounce Religion, Berserk, Trog's Hand


You were on level 4 of the Dungeon.
You worshipped Trog.
Trog was pleased with you.
You visited 1 branch of the dungeon, and saw 4 of its levels.

You collected 172 gold pieces.

Inventory:

Hand Weapons
 g - a +3 hand axe (weapon)
Armour
 e - a +0 pair of boots (worn)
 f - a +0 cloak (worn)
 m - a +0 helmet (worn)
 n - a +0 plate armour (worn)
Jewellery
 a - a ring of magical power (right hand)
 l - a +6 ring of strength (left hand)
Wands
 o - a wand of paralysis (7)
Scrolls
 d - a scroll of torment {unknown}
 h - 2 scrolls of identify {unknown}
 i - a scroll of teleportation {unknown}
 p - a scroll of fear {unknown}
Potions
 b - 2 potions of might {unknown}
 c - 3 potions of lignification {unknown}
 j - 2 potions of invisibility {unknown}
 k - 2 potions of heal wounds {unknown}
 q - a potion of haste {unknown}
 r - a potion of resistance {unknown}


   Skills:
 + Level 5.1 Fighting
 + Level 6.6 Axes
 + Level 2.7 Armour
 + Level 2.6 Dodging
 + Level 1.1 Stealth


You had 5 spell levels left.
You didn't know any spells.
Your spell library was empty.

Dungeon Overview and Level Annotations

Branches:
Dungeon (4/15)
 Temple: D:4-7

Altars:


Message History

The killer bee stings you but does no damage. x3
The killer bee barely misses you.
The killer bee stings you but does no damage.
The killer bee completely misses you.
You barely miss the killer bee.
The killer bee is heavily wounded.
You slash the killer bee! You miss the killer bee. x2
You slash the killer bee!
You feel very sick. The killer bee stings you.
The killer bee stings you but does no damage. x5
You miss the killer bee.
The killer bee is heavily wounded.
You barely miss the killer bee. You closely miss the killer bee.
You barely miss the killer bee. You hit the killer bee.
You feel very sick.
The killer bee stings you but does no damage. x2
The killer bee closely misses you. The killer bee stings you.
* * * LOW HITPOINT WARNING * * *
The killer bee stings you.
* * * LOW HITPOINT WARNING * * *
You are lethally poisoned!
The killer bee poisons you! The killer bee stings you.
* * * LOW HITPOINT WARNING * * *
The killer bee stings you.
* * * LOW HITPOINT WARNING * * *
You are more poisoned.
The killer bee poisons you!
You miss the killer bee.
The killer bee is heavily wounded.
You closely miss the killer bee. You barely miss the killer bee.
You miss the killer bee. x2
* * * LOW HITPOINT WARNING * * *
You feel very sick.
The killer bee completely misses you. x2; The killer bee barely misses you.
The killer bee stings you.
* * * LOW HITPOINT WARNING * * *
You are more poisoned.
The killer bee poisons you! The killer bee stings you.
You die...

#.#####...#
#...................
#.).....########.###
#.........# #.##.
#.........# #.##.
#.........# ###...>
#.........# #......
#.yyy..<..## #......
#y@y......# #......
#...##....# #......
#...##....###......
#...# ##..........
#...# #....#####..
#...# #....# ..
#..)# #....# ##
#...####....#
###.........#


You could see 5 killer bees.

Vanquished Creatures
  A scorpion (D:4)
  An iguana (D:4)
  Robin (D:2)
  5 gnolls
  5 adders
  A white imp (D:3)
  An adder skeleton (D:4)
  3 worms
  A dart slug (D:3)
  4 orcs (D:3)
  7 bats
  3 endoplasms
  6 giant cockroaches
  4 hobgoblins
  A jackal (D:2)
  2 quokkas
  8 ball pythons
  10 goblins
  6 kobolds
  4 rats
74 creatures vanquished.

Notes
Turn   | Place    | Note
-------+----------+-------------------------------------------
     0 | D:1      | thiscave3701365 the Hill Orc Berserker began the quest for
                  | the Orb.
     0 | D:1      | Reached XP level 1. HP: 19/19 MP: 1/1
   402 | D:1      | Reached XP level 2. HP: 24/27 MP: 2/2
  1044 | D:2      | Reached XP level 3. HP: 33/33 MP: 3/3
  1097 | D:2      | Noticed Robin
  1105 | D:2      | Killed Robin
  1112 | D:2      | Reached skill level 5 in Axes
  1120 | D:2      | Reached XP level 4. HP: 20/41 MP: 4/4
  1425 | D:2      | Found a faded altar of an unknown god.
  1474 | D:2      | Reached ** piety under Trog
  2039 | D:3      | Reached XP level 5. HP: 43/47 MP: 5/5
  2671 | D:3      | Reached skill level 6 in Axes
  2671 | D:3      | Reached skill level 1 in Stealth
  3311 | D:4      | Reached skill level 5 in Fighting
  3626 | D:4      | Reached XP level 6. HP: 28/56 MP: 6/6
  3901 | D:4      | Slain by a killer bee

Illustrated notes

Levels and vault maps discovered:
D:1:      lightli_arrival_windingriver, layout_basic
D:2:      layout_basic, ebering_ecumenical_altar_webs, minmay_tetromino_t2,
          uniq_robin
D:3:      layout_loops_ring, minmay_diced_spiral
D:4:      minmay_diamond_boxcup, layout_basic, serial_shops,
          kennysheep_mini_moat, minmay_misc_feat_alley, minmay_hedge_maze

Skill      XL: |  1  2  3  4  5 |
---------------+----------------+-----
Fighting       | 4 5 |  5.1
Axes           | 5 6 |  6.6
Dodging        | 2 |  2.6
Stealth        | 1 |  1.1
Armour         | |  2.7

Action                   |  1- 3 |  4- 6 || total
-------------------------+-------+-------++-------
Melee: Hand axe          |    64 |   115 ||   179
       Punch             |     1 |     4 ||     5
Invok: Berserk           |     1 |     3 ||     4
 Stab: Sleeping          |     1 |     2 ||     3
Armor: Animal skin       |    14 |    19 ||    33
       Plate armour      |       |    37 ||    37
Dodge: Dodged            |    42 |    59 ||   101
